 Dungeon Crawl Stone Soup version 0.20-a0-1034-gb277f92 (webtiles) character file.

528252 graki42 the Hoplite (level 25, -6/240 (246) HPs)
             Began as a Hill Orc Fighter on Apr 18, 2017.
             Was the Champion of the Shining One.
             Killed by divine providence
             ... invoked by a mummy priest
              (8 damage)
             ... on level 2 of the Tomb of the Ancients on Apr 21, 2017.
             The game lasted 04:51:44 (58025 turns).

graki42 the Hoplite (Hill Orc Fighter)             Turns: 58025, Time: 04:51:45

HP:   -6/240 (246)  AC: 30    Str: 33 (34) XL:     25   Next: 54%
MP:   23/28         EV: 10    Int:  7 (10) God:    the Shining One [******]
Gold: 6148          SH: 37    Dex:  9 (10) Spells: 22/24 levels left

rFire    + + .     SeeInvis .   E - +8 eveningstar (crush)
rCold    + . .     Gourm    .   L - +5 large shield
rNeg     + + +     Faith    .   t - +0 gold dragon scales
rPois    +         Spirit   .   a - +0 helmet
rElec    .         Reflect  +   T - +2 cloak {MR+}
rCorr    .         Harm     .   z - +0 pair of gloves {Str+3}
MR       +++..                  Q - +0 pair of boots
Stlth    ..........             g - +5 amulet of reflection
Regen    0.5/turn               w - ring of protection from magic
MPRegen  0.3/turn               c - ring of Gentuh {+Inv rPois rF+ Int+2}

@: about to teleport, glowing
A: no striking features
}: 3/15 runes: serpentine, barnacled, silver
a: Divine Shield, Cleansing Flame, Summon Divine Warrior, Brand Weapon With Holy
Wrath, Renounce Religion, Evoke Invisibility


You were on level 2 of the Tomb of the Ancients.
You worshipped the Shining One.
The Shining One was exalted by your worship.
You were not hungry.

You visited 10 branches of the dungeon, and saw 45 of its levels.
You visited 1 bazaar.

You collected 8137 gold pieces.
You spent 1989 gold pieces at shops.

Inventory:

Hand Weapons
 r - a +4 vampiric demon trident
 E - a +8 eveningstar of crushing (weapon)
Missiles
 y - 7 throwing nets (quivered)
Armour
 a - a +0 helmet (worn)
 k - a +3 plate armour of magic resistance
 t - +0 gold dragon scales (worn)
 z - a +0 pair of gloves of strength (worn)
 L - a +5 large shield (worn)
 Q - a +0 pair of boots (worn)
 T - a +2 cloak of magic resistance (worn)
 Y - a scarf of cold resistance
Jewellery
 c - the ring of Gentuh (right hand) {+Inv rPois rF+ Int+2}
   (You acquired it on level 1 of the Snake Pit)

   [ring of intelligence]

   It affects your intelligence (+2).
   It protects you from fire.
   It protects you from poison.
   It lets you turn invisible.
 g - a +5 amulet of reflection (around neck)
 w - a ring of protection from magic (left hand)
 H - an uncursed ring of resist corrosion
 I - a +3 amulet of reflection
 J - an uncursed ring of flight
 R - an uncursed ring of protection from cold
 S - a ring of the Octopus King {rF+ AC+1 EV+1 Str+1 Int+1 Dex+1}
   (You took it off a deep elf blademaster on level 3 of the Elven Halls)

   [ring of protection from fire]

   It affects your AC (+1).
   It affects your evasion (+1).
   It affects your strength (+1).
   It affects your intelligence (+1).
   It affects your dexterity (+1).
   It protects you from fire.
Scrolls
 b - a scroll of recharging
 e - 7 scrolls of blinking
 i - 20 scrolls of remove curse
 j - 2 scrolls of holy word
 m - 6 scrolls of magic mapping
 n - a scroll of enchant armour
 o - a scroll of amnesia
 p - 11 scrolls of identify
 u - 6 scrolls of teleportation
 F - 6 scrolls of fog
 N - a scroll of summoning
 P - 2 scrolls of fear
Potions
 d - 9 potions of might
 h - 5 potions of haste
 s - 19 potions of curing
 v - a potion of flight
 x - 3 potions of ambrosia
 D - 4 potions of cancellation
 G - 7 potions of heal wounds
 K - 2 potions of resistance
Books
 q - Qenlom's Disquisition on Scorching Hexes
   (You found it on level 1 of the Tomb of the Ancients)

   Spells                             Type                      Level
   a - Flame Tongue                   Conjuration/Fire             1
   b - Conjure Flame                  Conjuration/Fire             3
   c - Dazzling Spray                 Conjuration/Hexes            3
   d - Invisibility                   Hexes                        6
Miscellaneous
 U - 2 phantom mirrors
Comestibles
 f - 25 bread rations
 l - 7 fruits


   Skills:
 + Level 24.2 Fighting
   Level 14.6(21.4) Axes
 + Level 21.8(22.7) Maces & Flails
 + Level 17.1 Armour
 + Level 6.4 Dodging
 + Level 3.0 Stealth
 + Level 25.4 Shields
 + Level 7.4 Invocations
 + Level 6.1 Evocations


You had 22 spell levels left.
You knew the following spells:

 Your Spells              Type           Power        Failure   Level  Hunger
a - Blink                 Tloc           N/A          100%        2    ###....


Dungeon Overview and Level Annotations

Branches:
Dungeon (15/15)            Temple (1/1) D:6            Lair (6/6) D:9
 Shoals (4/4) Lair:3        Snake (4/4) Lair:4        Slime (0/5) Lair:6
    Orc (2/2) D:11            Elf (3/3) Orc:2        Vaults (5/5) D:14
  Crypt (3/3) Vaults:3       Tomb (2/3) Crypt:3      Depths (0/5) D:15

Altars:
Ashenzari
Cheibriados
Dithmenos
Elyvilon
Fedhas
Gozag
Hepliaklqana
Kikubaaqudgha
Makhleb
Nemelex Xobeh
Okawaru
Qazlal
Ru
Sif Muna
Trog
Uskayaw
Vehumet
Wu Jian
Xom
Yredelemnul
Zin
The Shining One
Beogh
Jiyva

Shops:
Orc:2 =(*[   Elf:1 =[((%}   Elf:2 !   Shoals:1 (   Snake:1 =[(*   Vaults:4 *

Portals:
Trove: Elf:1 (give +8 demon trident)


Message History

The greater mummy gestures wildly while chanting.
The emperor scorpion is engulfed in dark miasma.
The emperor scorpion is poisoned.
The emperor scorpion is engulfed in dark miasma.
The emperor scorpion seems to slow down.
The emperor scorpion stings you.
* * * LOW HITPOINT WARNING * * *
The emperor scorpion closely misses you.
You block the emperor scorpion's attack.
The ushabti shakes and rattles deafeningly!
You hear a distant "Zot"!
The greater mummy points at you and mumbles some strange words.
Something smites you!
* * * LOW HITPOINT WARNING * * *
The greater mummy points at you and mumbles some strange words.
Something smites you!
* * * LOW HITPOINT WARNING * * *
The mummy priest invokes the aid of its god against you.
Something smites you!
You die...

#### [... ..... .
....M .. ..#### ....
##.. ......###V.
##...... .........###
....M...
%......@##.##W.......
.....M##szWZM##......
.M...#..sMMbMMZ#.....
....#...ss.z8Z.!#...
..Z#....s8ssMV...# ..
#....z.M3M3W..# .
#.......3WM...#
..#.......M...#....
.(.#......$..#.....


You could see 4 greater mummies, 7 emperor scorpions, a bennu, 2 mummy priests,
a soul eater, a flayed ghost, 3 guardian mummies, 2 ushabtiu, a spectral
anaconda, a smoke demon, a hungry ghost, a ynoxinul, 2 vampires, a shadow, 3
flying skulls, 4 mummies, a black mamba skeleton, a quicksilver dragon skeleton
and a human skeleton.

Vanquished Creatures
  Saint Roka (Orc:2)
  Vashnia (Snake:2)
  Xtahua (Crypt:2)
  Jory (Crypt:3)
  Nikola (Vaults:3)
  3 golden dragons (Vaults:5)
  A bone dragon (Crypt:3)
  3 tentacled monstrosities (Vaults:5)
  Jorgrun (Vaults:1)
  The ghost of Paps the Hoplite, an adept MiFi of Gozag (Shoals:4)
  3 deep elf blademasters
  7 liches
  Asterion (Elf:2)
  5 titans (Vaults:5)
  6 ancient champions
  7 sphinxes
  A kraken (Shoals:2)
  Agnes (D:15)
  4 storm dragons (Vaults:5)
  6 tengu reavers (Vaults:5)
  4 revenants
  4 shadow dragons (Vaults:5)
  Donald (Snake:2)
  Ilsuiw (Shoals:4)
  11 nagarajas
  2 frost giants
  3 fire giants
  Aizul (Snake:2)
  8 deep elf sorcerers
  2 orc warlords
  An iron dragon (Vaults:5)
  Louise (Shoals:1)
  7 deep elf elementalists
  10 vault wardens
  A ghoul (Crypt:1)
  4 curse skulls
  A very ugly thing (Vaults:5)
  5 stone giants
  2 war gargoyles (Vaults:5)
  3 reapers (Crypt:3)
  12 ironheart preservers
  2 entropy weavers (Vaults:2)
  6 deep elf demonologists
  17 vampire knights
  A dire elephant (D:15)
  11 deep elf annihilators
  Azrael (Elf:2)
  5 eidola
  2 merfolk javelineers
  13 merfolk impalers
  7 ettins
  10 deep elf death magi
  3 fire dragons
  6 deep elf high priests
  13 mummy priests (Tomb:1)
  9 yaktaur captains
  9 ogre magi
  A great orb of eyes (Vaults:2)
  Josephine (D:10)
  6 jiangshi
  2 ice dragons
  Erolcha (D:11)
  3 rakshasas
  Harold (Lair:3)
  A small abomination (Vaults:5)
  35 vault guards
  11 naga warriors
  11 hydras
  6 merfolk avatars
  8 death knights
  5 centaur warriors
  7 anacondas
  3 satyrs
  An alligator snapping turtle (Shoals:3)
  4 catoblepae
  8 death scarabs (Tomb:1)
  28 dancing weapons
  4 merfolk aquamancers
  26 two-headed ogres
  10 death yaks
  2 deep troll earth magi
  An orc high priest (Orc:1)
  The ghost of herpmino the Cleaver, a novice FoFi of Ru (D:10)
  2 deep troll shamans
  5 shock serpents
  7 vampire magi (Crypt:3)
  Urug (Orc:1)
  6 naga sharpshooters
  2 soul eaters
  2 storm dragon zombies
  17 deep elf knights
  16 sea snakes
  5 shadow wraiths
  13 skeletal warriors
  A storm dragon skeleton (Crypt:1)
  5 flayed ghosts
  5 golden dragon zombies (Crypt:3)
  A large abomination (Vaults:5)
  A glowing orange brain (Vaults:1)
  An anaconda zombie (Tomb:1)
  An unseen horror (Vaults:1)
  2 wizards
  7 deep trolls
  4 salamander mystics
  17 deep elf archers
  11 ironbrand convokers
  2 wolf spider zombies
  20 harpies
  6 naga ritualists
  2 necromancers
  20 phantasmal warriors
  The ghost of DEFE the Nimble, a novice DEAK of Lugonu (D:9)
  Pikel (D:6)
  5 mana vipers
  A shadow dragon skeleton (Crypt:3)
  27 orc knights
  14 ugly things
  8 orc sorcerers
  15 manticores
  60 deep elf magi
  A fire giant zombie (Vaults:4)
  5 wolf spiders
  8 cyclopes
  38 fauns
  23 black mambas
  A stone giant skeleton (Tomb:1)
  A shock serpent zombie (Crypt:3)
  A guardian serpent (shapeshifter) (Vaults:2)
  9 elephants (Lair:6)
  18 naga magi
  13 salamanders
  7 vault sentinels
  A torpor snail (Lair:6)
  An elephant slug zombie (Crypt:3)
  9 spiny frogs
  An ice statue (Elf:1)
  11 merfolk sirens
  A torpor snail (shapeshifter) (D:14)
  3 water nymphs
  2 gargoyles
  2 rime drakes
  8 swamp worm zombies (Crypt:3)
  12 komodo dragons
  32 yaktaurs
  A komodo dragon (shapeshifter) (Vaults:5)
  A kobold demonologist (D:15)
  17 freezing wraiths
  A pale draconian skeleton (Crypt:3)
  27 merfolk
  10 trolls
  2 wind drakes
  14 slime creatures
  2 hornets
  9 guardian mummies
  A guardian serpent zombie (Crypt:2)
  A dream sheep (shapeshifter) (Vaults:5)
  13 dream sheep
  10 hippogriffs
  A minotaur skeleton (Crypt:2)
  A hippogriff (shapeshifter) (D:14)
  An ice dragon zombie (Crypt:3)
  Prince Ribbit (D:7)
  2 bog bodies (Crypt:1)
  13 blink frogs
  An air elemental (Elf:1)
  3 snapping turtles
  2 redbacks (Vaults:2)
  3 shadows
  3 wyverns
  A spriggan (D:7)
  14 wraiths
  Sigmund (D:6)
  8 fire elementals
  28 vampires
  25 water elementals
  A basilisk (shapeshifter) (Vaults:2)
  23 yaks
  3 ushabtiu (Tomb:1)
  Eustachio (D:4)
  2 ettin skeletons
  A golden eye (shapeshifter) (D:14)
  2 hungry ghosts
  7 basilisks
  A yaktaur simulacrum (Vaults:2)
  A hog (shapeshifter) (Vaults:3)
  10 wargs
  Menkaure (D:6)
  A two-headed ogre zombie (Crypt:3)
  Edmund (D:5)
  A human simulacrum (Vaults:3)
  An infernal demonspawn zombie (Crypt:2)
  50 nagas
  2 hell hounds (Elf:2)
  A soldier ant (D:11)
  2 acid dragons
  11 water moccasins
  9 porcupines
  A snapping turtle zombie (Crypt:3)
  2 ice beasts
  A sky beast (D:14)
  58 orc warriors
  An eye of draining (shapeshifter) (Elf:1)
  4 black bears
  3 boggarts (Vaults:2)
  A snapping turtle skeleton (Crypt:1)
  32 ogres
  A phantom (D:9)
  A tengu (shapeshifter) (Vaults:1)
  A necrophage (D:5)
  An elf skeleton (Vaults:4)
  14 wolves
  6 centaurs
  12 crocodiles
  A hippogriff zombie (Crypt:1)
  A komodo dragon zombie (Crypt:1)
  A big kobold (D:7)
  A bullfrog (shapeshifter) (Vaults:2)
  22 bullfrogs
  A gnoll sergeant (D:12)
  A wyvern zombie (D:6)
  3 earth elementals
  A wyvern skeleton (Crypt:2)
  A scorpion (D:10)
  4 killer bees (D:7)
  A water moccasin skeleton (Crypt:1)
  A spriggan zombie (Crypt:3)
  An elf simulacrum (Vaults:1)
  A shapeshifter zombie (Crypt:3)
  7 howler monkeys
  3 wights (D:15)
  A wolf zombie (Crypt:2)
  10 crimson imps
  A bullfrog zombie (D:10)
  A quasit (D:7)
  A human zombie (Crypt:3)
  9 jellies
  5 hounds
  A demonspawn zombie (Crypt:1)
  31 orc priests
  2 bullfrog skeletons
  9 centaur skeletons
  Ijyb (D:3)
  35 orc wizards
  5 worker ants
  9 iguanas
  2 hell rats (Lair:2)
  A crocodile skeleton (Crypt:1)
  3 hound zombies
  A hound skeleton (D:5)
  10 mummies (Tomb:1)
  A howler monkey zombie (D:8)
  2 worker ant zombies
  8 gnolls
  6 river rats (Lair:2)
  6 adders
  A river rat (shapeshifter) (Vaults:5)
  2 shadow imps
  2 oozes
  An adder zombie (D:8)
  4 adder skeletons
  2 worms
  A dart slug (D:1)
  8 leopard geckos
  109 orcs
  4 giant cockroaches
  8 goblins
  10 hobgoblins
  16 jackals
  11 quokkas
  3 ball pythons
  6 bats
  6 frilled lizards
  A goblin skeleton (Crypt:2)
  A jackal skeleton (D:5)
  11 kobolds
  A kobold skeleton (Crypt:2)
  A kobold zombie (Crypt:3)
  A leopard gecko zombie (D:6)
  An orc skeleton (Tomb:1)
  9 rats
  2 fungi
  6 plants
  2 tentacles (Shoals:2)
1893 creatures vanquished.

Vanquished Creatures (collateral kills)
  A greater mummy (Tomb:1)
  A mummy priest (Tomb:2)
  A skeletal warrior (Tomb:1)
  2 guardian mummies
  3 mummies
8 creatures vanquished.

Vanquished Creatures (others)
  2 deep elf master archers (Elf:3)
  A vault warden (Vaults:5)
  2 stone giants (Vaults:5)
  Nessos (D:15)
  4 merfolk javelineers (Shoals:4)
  A yaktaur captain (Vaults:5)
  2 centaur warriors
  9 death scarabs (Tomb:2)
  4 satyrs
  A sea snake (Shoals:2)
  2 deep elf archers (Elf:1)
  6 fauns
  A cyclops (Shoals:4)
  A deep elf mage (Elf:2)
  3 yaktaurs
  A merfolk (Shoals:2)
  An orc warrior (Vaults:2)
  4 centaurs
  An electric eel (Elf:1)
  2 orcs
  4 jackals
  100 plants
  19 tentacles (Shoals:2)
  A withered plant (Shoals:4)
173 creatures vanquished.

Grand Total: 2074 creatures vanquished

Notes
Turn   | Place    | Note
-------+----------+-------------------------------------------
     0 | D:1      | graki42 the Hill Orc Fighter began the quest for the Orb.
     0 | D:1      | Reached XP level 1. HP: 19/19 MP: 1/1
   277 | D:1      | Reached XP level 2. HP: 24/27 MP: 2/2
   931 | D:2      | Reached XP level 3. HP: 27/33 MP: 3/3
  1209 | D:3      | HP: 1/33 [gnoll/club (1)]
  1213 | D:3      | Reached XP level 4. HP: 2/40 MP: 4/4
  2274 | D:3      | Reached XP level 5. HP: 46/46 MP: 5/5
  2478 | D:3      | Reached skill level 5 in Axes
  2478 | D:3      | Reached skill level 4 in Shields
  2483 | D:3      | HP: 1/46 [orc wizard/magic dart (2)]
  2562 | D:3      | Reached skill level 1 in Dodging
  2562 | D:3      | Reached XP level 6. HP: 34/53 MP: 6/6
  3061 | D:3      | Noticed Ijyb
  3082 | D:3      | Killed Ijyb
  3352 | D:4      | Noticed Eustachio
  3363 | D:4      | Killed Eustachio
  3363 | D:4      | Reached XP level 7. HP: 60/60 MP: 7/7
  3552 | D:4      | Found a shattered altar of Ashenzari.
  3856 | D:5      | Entered Level 5 of the Dungeon
  4105 | D:5      | Noticed Edmund
  4118 | D:5      | Killed Edmund
  4118 | D:5      | Reached skill level 5 in Fighting
  4118 | D:5      | Reached skill level 1 in Maces & Flails
  4312 | D:5      | Reached skill level 5 in Armour
  4572 | D:6      | Reached XP level 8. HP: 64/68 MP: 8/8
  4702 | D:5      | Reached skill level 5 in Shields
  4824 | D:6      | Reached skill level 1 in Evocations
  4855 | D:6      | Noticed Sigmund
  4857 | D:6      | Noticed Prince Ribbit
  5161 | D:6      | Killed Sigmund
  5310 | D:6      | Noticed Menkaure
  5317 | D:6      | Killed Menkaure
  5598 | D:6      | Found a staircase to the Ecumenical Temple.
  5598 | D:6      | Noticed Pikel
  5616 | D:6      | Killed Pikel
  5616 | D:6      | Reached skill level 5 in Maces & Flails
  5616 | D:6      | Reached skill level 6 in Shields
  5616 | D:6      | Reached XP level 9. HP: 75/75 MP: 10/10
  5660 | Temple   | Entered the Ecumenical Temple
  5744 | Temple   | Became a worshipper of the Shining One
  5968 | D:7      | Killed Prince Ribbit
  6098 | D:7      | HP: 4/117 [ogre/giant spiked club (8)]
  6445 | D:7      | Found a glowing silver altar of Zin.
  6445 | D:7      | Found a shimmering altar of Xom.
  6445 | D:7      | Noticed an angel
  6944 | D:7      | Reached * piety under the Shining One
  6959 | D:7      | Got a crystal trident {freeze}
  6960 | D:7      | Identified the +1 trident of Disgust {freeze, rC- MR++ Str+4} (You took it off a crimson imp on level 7 of the Dungeon)
  7038 | D:7      | Reached skill level 7 in Shields
  7044 | D:7      | Reached XP level 10. HP: 86/86 MP: 12/12
  7743 | D:8      | Noticed a two-headed ogre
  7754 | D:8      | The Shining One protects you from harm!
  7756 | D:8      | Killed a two-headed ogre
  8079 | D:8      | Found an ancient bone altar of Kikubaaqudgha.
  8107 | D:8      | Found a basalt altar of Yredelemnul.
  8266 | D:9      | Reached skill level 8 in Shields
  8368 | D:9      | Found a staircase to the Lair.
  8378 | Lair:1   | Entered Level 1 of the Lair of Beasts
  8378 | Lair:1   | Noticed a spiny frog
  8380 | Lair:1   | Reached ** piety under the Shining One
  8389 | Lair:1   | Killed a spiny frog
  8389 | Lair:1   | Reached skill level 1 in Stealth
  8759 | Lair:1   | Noticed a spiny frog
  8760 | Lair:1   | Noticed a black mamba
  8769 | Lair:1   | Killed a black mamba
  8777 | Lair:1   | Killed a spiny frog
  8779 | Lair:1   | Reached XP level 11. HP: 53/94 MP: 13/13
  8960 | Lair:1   | Reached skill level 10 in Axes
 10842 | Lair:2   | Reached skill level 9 in Shields
 11141 | Lair:3   | Reached skill level 10 in Armour
 11183 | Lair:3   | Reached XP level 12. HP: 95/105 MP: 14/14
 11290 | Lair:3   | Noticed a seven-headed hydra
 11290 | Lair:3   | Reached *** piety under the Shining One
 11291 | Lair:3   | Noticed Harold
 11311 | Lair:3   | Killed a seven-headed hydra
 11521 | Lair:3   | Noticed a six-headed hydra
 11531 | Lair:3   | Killed a six-headed hydra
 11531 | Lair:3   | Reached skill level 1 in Invocations
 11572 | Lair:3   | Killed Harold
 11581 | Lair:3   | Got a faintly humming scale mail
 11592 | Lair:3   | Identified the +5 scale mail of the Hot Ocelot {Regen+ rCorr Str-2} (You found it on level 3 of the Lair of Beasts)
 11633 | Lair:3   | Found a staircase to the Shoals.
 11743 | Lair:3   | Noticed a four-headed hydra
 11762 | Lair:3   | Killed a four-headed hydra
 11979 | Lair:3   | Reached skill level 10 in Fighting
 12104 | Lair:4   | Found a staircase to the Snake Pit.
 12615 | Lair:4   | Noticed a six-headed hydra
 12619 | Lair:4   | Noticed an eight-headed hydra
 12666 | Lair:4   | Noticed a four-headed hydra
 12904 | Lair:4   | Killed an eight-headed hydra
 13010 | Lair:4   | Killed a four-headed hydra
 13010 | Lair:4   | Reached skill level 10 in Shields
 13222 | Lair:5   | Reached XP level 13. HP: 98/113 MP: 16/16
 14286 | Lair:6   | Entered Level 6 of the Lair of Beasts
 14555 | Lair:6   | Found a runed door.
 14557 | Lair:6   | Found a viscous altar of Jiyva.
 14599 | Lair:6   | Found a staircase to the Slime Pits.
 14670 | Lair:6   | HP: 4/114 [catoblepas (9)]
 14677 | Lair:6   | HP: 5/114 [catoblepas (8)]
 14678 | Lair:6   | The Shining One protects you from harm!
 14924 | Lair:6   | Reached skill level 11 in Shields
 15267 | Lair:6   | Upgraded the game from 0.20-a0-1020-g7b9e4fe to 0.20-a0-1025-g4706f7e
 15536 | Lair:6   | Reached XP level 14. HP: 95/124 MP: 17/17
 15700 | Lair:6   | Reached skill level 5 in Dodging
 15773 | Lair:6   | Got a slimy morningstar
 15781 | Lair:6   | Identified the cursed +2 morningstar of Diet Blood {elec, rF+} (You found it on level 6 of the Lair of Beasts)
 15976 | Lair:6   | Reached skill level 12 in Shields
 16412 | D:9      | Noticed DEFE's ghost (novice DEAK)
 16424 | D:9      | Killed DEFE's ghost
 16794 | D:10     | Entered Level 10 of the Dungeon
 16794 | D:10     | Noticed Josephine
 16794 | D:10     | Noticed herpmino's ghost (novice FoFi)
 17270 | D:10     | Reached **** piety under the Shining One
 17283 | D:10     | Killed Josephine
 17406 | D:10     | Killed herpmino's ghost
 17754 | D:11     | Noticed Erolcha
 17761 | D:11     | Killed Erolcha
 17769 | D:11     | Found a staircase to the Orcish Mines.
 17849 | D:11     | Found a stormy altar of Qazlal.
 18187 | D:12     | Reached skill level 10 in Maces & Flails
 18375 | D:12     | Got a ripped robe
 18736 | D:12     | Upgraded the game from 0.20-a0-1025-g4706f7e to 0.20-a0-1026-gc3ddcbd
 18970 | Orc:1    | Entered Level 1 of the Orcish Mines
 19142 | Orc:2    | Entered Level 2 of the Orcish Mines
 19296 | Orc:1    | Noticed an orc warlord
 19333 | Orc:2    | Found a staircase to the Elven Halls.
 19621 | Orc:2    | Paralysed by an orc sorcerer for 2 turns
 19668 | Orc:2    | Noticed Saint Roka
 20037 | Orc:2    | Killed Saint Roka
 20037 | Orc:2    | Reached skill level 5 in Evocations
 20065 | Orc:2    | Identified the +1 robe of Dyspraxia {Dex+2} (You found it on level 12 of the Dungeon)
 20160 | Orc:2    | Noticed Urug
 20163 | Orc:2    | Reached XP level 15. HP: 134/134 MP: 18/18
 20223 | Orc:1    | Killed Urug
 20409 | Orc:2    | Found a roughly hewn altar of Beogh.
 20409 | Orc:2    | Paralysed by an orc sorcerer for 3 turns
 20414 | Orc:2    | Paralysed by an orc sorcerer for 5 turns
 20741 | Orc:2    | Found Dyeromep's Antique Armour Emporium.
 20765 | Orc:2    | Reached ***** piety under the Shining One
 20943 | Orc:2    | Found Zomme's General Store.
 21197 | Orc:2    | Found Sipen's Antique Weapon Emporium.
 21212 | Orc:2    | Found Niyficwi's Jewellery Emporium.
 21251 | Orc:2    | Bought a dazzling plate armour for 1036 gold pieces
 21251 | Orc:2    | Bought a brightly glowing cloak for 351 gold pieces
 21261 | Orc:2    | Identified the +1 cloak "Bioxot" {rF+ Int+8 Dex-5 SInv} (You bought it in a shop on level 2 of the Orcish Mines)
 21281 | Orc:2    | Identified the cursed +1 plate armour "Gaifav" {rF+ rC+} (You bought it in a shop on level 2 of the Orcish Mines)
 21690 | Orc:2    | Killed an orc warlord
 22004 | Lair:1   | Learned a level 2 spell: Blink
 22010 | Lair:1   | Identified 2 scrolls of acquirement
 22134 | Snake:1  | Entered Level 1 of the Snake Pit
 22143 | Snake:1  | Got a glittering golden ring
 22144 | Snake:1  | Identified the ring of Gentuh {+Inv rPois rF+ Int+2} (You acquired it on level 1 of the Snake Pit)
 22379 | Snake:1  | Reached skill level 13 in Shields
 22648 | Snake:1  | Found Akikket's Antique Armour Boutique.
 22649 | Snake:1  | Found Seli's General Store.
 22649 | Snake:1  | Found Pekon's Jewellery Boutique.
 22652 | Snake:1  | Found Puibariun's Weapon Shop.
 22668 | Snake:1  | Bought a pair of runed gloves for 202 gold pieces
 23107 | Snake:2  | Noticed Aizul
 23129 | Snake:2  | Killed Aizul
 24060 | Snake:2  | Noticed Donald
 24078 | Snake:2  | Killed Donald
 24549 | Snake:3  | Noticed Vashnia
 24549 | Snake:3  | Noticed a nagaraja
 24808 | Snake:2  | Killed a nagaraja
 25095 | Snake:2  | Killed Vashnia
 25095 | Snake:2  | Reached skill level 14 in Shields
 25095 | Snake:2  | Reached XP level 16. HP: 70/144 MP: 19/19
 25331 | Snake:3  | Noticed a nagaraja
 25338 | Snake:3  | Killed a nagaraja
 25627 | Snake:4  | Entered Level 4 of the Snake Pit
 25932 | Snake:4  | Noticed a nagaraja
 25943 | Snake:4  | Killed a nagaraja
 26477 | Snake:4  | Got a steaming great sword {flame}
 26620 | Snake:4  | Noticed a nagaraja
 26626 | Snake:4  | Noticed a nagaraja
 26627 | Snake:4  | Noticed a nagaraja
 26632 | Snake:4  | Killed a nagaraja
 26643 | Snake:4  | Killed a nagaraja
 26915 | Snake:4  | Killed a nagaraja
 27068 | Snake:4  | Noticed a nagaraja
 27071 | Snake:4  | Noticed a nagaraja
 27255 | Snake:4  | Noticed a nagaraja
 27264 | Snake:4  | Killed a nagaraja
 27368 | Snake:4  | Noticed a nagaraja
 27381 | Snake:4  | Killed a nagaraja
 27390 | Snake:4  | Noticed a nagaraja
 27400 | Snake:4  | Killed a nagaraja
 27400 | Snake:4  | Reached skill level 15 in Maces & Flails
 27400 | Snake:4  | Reached skill level 15 in Shields
 27400 | Snake:4  | Reached XP level 17. HP: 90/154 MP: 20/20
 27640 | Snake:4  | Got a serpentine rune of Zot
 28117 | Orc:2    | Bought an uncursed ring of protection from magic for 400 gold pieces
 28256 | Lair:1   | Identified the +4 great sword "Orc's Foe" {flame, rF++ rC+ Int+2 Stlth-} (You took it off a salamander mystic on level 4 of the Snake Pit)
 28364 | Shoals:1 | Entered Level 1 of the Shoals
 28617 | Shoals:1 | Noticed Louise
 28618 | Shoals:1 | Got a translucent chain mail
 28634 | Shoals:1 | Killed Louise
 28663 | Shoals:1 | Identified the +6 chain mail "Pedif" {+Fly} (You found it on level 1 of the Shoals)
 29007 | Shoals:1 | Found Yjiwum's Antique Weapon Emporium.
 29193 | Shoals:2 | Noticed a kraken
 30028 | Shoals:3 | Reached skill level 16 in Shields
 30031 | Shoals:3 | Reached skill level 5 in Invocations
 30195 | Shoals:3 | Reached skill level 15 in Fighting
 30555 | Shoals:4 | Entered Level 4 of the Shoals
 30759 | Shoals:4 | Reached XP level 18. HP: 131/163 MP: 20/22
 30794 | Shoals:4 | Got a barnacled rune of Zot
 30839 | Shoals:4 | Noticed Ilsuiw
 31148 | Shoals:4 | Killed Ilsuiw
 31313 | Shoals:4 | Reached skill level 17 in Shields
 31707 | Shoals:4 | Reached ****** piety under the Shining One
 32304 | Shoals:4 | Noticed Paps's ghost (adept MiFi)
 32327 | Shoals:4 | Killed Paps's ghost
 33796 | Shoals:2 | Reached skill level 18 in Shields
 34081 | Elf:1    | Entered Level 1 of the Elven Halls
 34163 | Elf:1    | Reached XP level 19. HP: 124/172 MP: 20/23
 34168 | Elf:1    | Got a steaming ring mail
 34186 | Elf:1    | Identified the +5 ring mail of Emuur {Str+2} (You found it on level 1 of the Elven Halls)
 35108 | Elf:1    | Found a gateway to a bazaar.
 35122 | Bazaar   | Entered a bazaar
 35122 | Bazaar   | Found Muxzallyxe's General Store.
 35122 | Bazaar   | Found Oxynann's Antique Weapon Shoppe.
 35122 | Bazaar   | Found Feuttael's Weapon Shop.
 35122 | Bazaar   | Found Vecar's Weapon Shoppe.
 35124 | Bazaar   | Found Enopomos's Armour Shop.
 35124 | Bazaar   | Found Puekoxiv's Antique Armour Emporium.
 35191 | Elf:1    | Found Lixt's Antique Weapon Emporium.
 35191 | Elf:1    | Found Qiovvat's Antique Weapon Shoppe.
 35195 | Elf:1    | Found Demimud's Food Emporium.
 35468 | Elf:1    | Found Miuttywn's Gadget Shoppe.
 35636 | Elf:1    | Found Gaonnoaj's Armour Shop.
 35725 | Elf:1    | Found a portal to a secret trove of treasure.
 36027 | Elf:1    | Found Xariunn's Jewellery Emporium.
 36611 | Elf:2    | Found a runed gate.
 36611 | Elf:2    | Found a runed gate.
 36611 | Elf:2    | Found a runed gate.
 36630 | Elf:2    | Noticed Asterion
 36646 | Elf:2    | Killed Asterion
 37380 | Elf:2    | Found Fafeng's Distillery.
 37776 | Elf:2    | Upgraded the game from 0.20-a0-1026-gc3ddcbd to 0.20-a0-1034-gb277f92
 37816 | Elf:2    | Noticed Azrael
 37845 | Elf:2    | Killed Azrael
 38163 | Elf:2    | Reached skill level 19 in Shields
 38395 | Elf:3    | Entered Level 3 of the Elven Halls
 38677 | Elf:3    | Reached XP level 20. HP: 184/184 MP: 24/24
 39344 | Elf:3    | Got an uncursed pitted trident {pain}
 39366 | Elf:3    | Reached skill level 15 in Armour
 39492 | Elf:3    | Got a faintly glowing scale mail
 39506 | Elf:3    | Identified the +0 scale mail "Hasche" {*Drain rN+++ rCorr Dex-4} (You found it on level 3 of the Elven Halls)
 39535 | Elf:3    | Got a ring of the Octopus King
 39919 | Elf:3    | Got a spiked chain mail
 40040 | Elf:3    | Identified the +3 chain mail "Juneapij" {rC+ MP+9} (You took it off a deep elf high priest on level 3 of the Elven Halls)
 40068 | Elf:3    | Identified the +4 trident of Judgement {pain, Str+2 Int+2} (You took it off a deep elf high priest on level 3 of the Elven Halls)
 40086 | Elf:3    | Got a pitted dagger {pierce}
 40144 | Elf:3    | Identified Xent's Tome of the Traveller and Beguiling
 40195 | Elf:3    | Identified Qeshamuf's Almanac of Supportive Clay
 40270 | Elf:3    | Identified a ring of the Octopus King {rF+ AC+1 EV+1 Str+1 Int+1 Dex+1} (You took it off a deep elf blademaster on level 3 of the Elven Halls)
 40565 | Lair:1   | Identified the cursed +2 dagger of Action {pierce, +Inv rElec} (You took it off a deep elf elementalist on level 3 of the Elven Halls)
 41899 | D:14     | Found a gate to the Vaults.
 41936 | D:14     | Reached skill level 20 in Shields
 42157 | D:15     | Entered Level 15 of the Dungeon
 42206 | D:15     | Found a staircase to the Depths.
 42273 | D:15     | Found a blossoming altar of Fedhas.
 42333 | D:15     | Noticed Agnes
 42339 | D:15     | Killed Agnes
 42342 | D:15     | Noticed Nessos
 42345 | D:15     | Killed Nessos
 42474 | D:15     | Found a hide-covered altar of Uskayaw.
 42525 | D:15     | Found a glowing silver altar of Zin.
 42950 | Vaults:1 | Entered Level 1 of the Vaults
 43009 | Vaults:1 | Reached XP level 21. HP: 162/198 MP: 23/25
 43054 | Vaults:1 | Got a transparent pewter amulet
 43055 | Vaults:1 | Identified the amulet "Venoir" {MR+ Regen+} (You found it on level 1 of the Vaults)
 43362 | Vaults:1 | Noticed Jorgrun
 43385 | Vaults:1 | Killed Jorgrun
 44834 | Vaults:2 | Found a radiant altar of Vehumet.
 45489 | Vaults:2 | Reached skill level 21 in Shields
 47204 | Vaults:3 | Found a staircase to the Crypt.
 47266 | Vaults:3 | Got a warped chain mail
 47277 | Vaults:3 | Identified the +3 chain mail "Omuicee" {rPois rF+ Str-2} (You found it on level 3 of the Vaults)
 47561 | Vaults:3 | Reached XP level 22. HP: 213/213 MP: 26/26
 48389 | Vaults:3 | Noticed Nikola
 48395 | Vaults:3 | Killed Nikola
 48917 | Vaults:4 | Reached skill level 22 in Shields
 48982 | Vaults:4 | Found Siffyo's General Store.
 49256 | Vaults:5 | Entered Level 5 of the Vaults
 50023 | Vaults:5 | Reached XP level 23. HP: 158/224 MP: 23/27
 50329 | Vaults:5 | Got a polished quick blade {venom}
 50391 | Vaults:5 | Got a ring of the Octopus King
 50908 | Vaults:5 | Noticed a golden dragon
 50912 | Vaults:5 | Reached skill level 23 in Shields
 50919 | Vaults:5 | Killed a golden dragon
 50988 | Vaults:5 | Got a glittering steel ring
 51066 | Vaults:5 | Identified a ring of the Octopus King {rN+ AC+1 EV+1 Str+1 Int+1 Dex+1} (You took it off a vault warden on level 5 of the Vaults)
 51067 | Vaults:5 | Identified the ring of Duemmue {rPois Str+4 Int+4 Dex-2} (You took it off a vault warden on level 5 of the Vaults)
 51108 | Vaults:5 | Got an uncursed crude scythe {venom}
 51123 | Vaults:5 | Identified the +0 quick blade of Disharmony {venom, Int+4 Stlth+} (You took it off a yaktaur captain on level 5 of the Vaults)
 51253 | Vaults:5 | Got a shimmering tin ring
 51257 | Vaults:5 | Identified the ring "Tuvvo" {rF+ Dex+3} (You took it off a vault sentinel on level 5 of the Vaults)
 51390 | Vaults:5 | Got a silver rune of Zot
 51557 | Vaults:5 | Got a crude battleaxe {speed}
 51961 | Vaults:5 | Identified the Volume of Scorching Calling
 51996 | Vaults:5 | Noticed a golden dragon
 52004 | Vaults:5 | Killed a golden dragon
 52378 | Vaults:5 | Reached XP level 24. HP: 235/235 MP: 28/28
 52603 | Vaults:5 | Identified the +8 battleaxe of the Traitor {speed, rElec rC+} (You took it off a vault sentinel on level 5 of the Vaults)
 52759 | Crypt:1  | Entered Level 1 of the Crypt
 53413 | Crypt:2  | Reached skill level 24 in Shields
 54603 | Crypt:3  | Entered Level 3 of the Crypt
 54603 | Crypt:3  | Found a huge runed gate.
 54603 | Crypt:3  | Found a huge runed gate.
 54603 | Crypt:3  | Found a huge runed gate.
 54603 | Crypt:3  | Found a huge runed gate.
 54603 | Crypt:3  | Found a huge runed gate.
 54603 | Crypt:3  | Found a huge runed gate.
 54640 | Crypt:3  | Noticed Xtahua
 54652 | Crypt:2  | Killed Xtahua
 54688 | Crypt:3  | Found a huge runed gate.
 54688 | Crypt:3  | Found a huge runed gate.
 54688 | Crypt:3  | Found a huge runed gate.
 54688 | Crypt:3  | Found a huge runed gate.
 54688 | Crypt:3  | Found a huge runed gate.
 54688 | Crypt:3  | Found a huge runed gate.
 54688 | Crypt:3  | Found a huge runed gate.
 54689 | Crypt:3  | Found a huge runed gate.
 54695 | Crypt:3  | Found a huge runed gate.
 54717 | Crypt:3  | Found a staircase to the Tomb.
 54747 | Crypt:3  | Got a smoking scale mail
 55086 | Crypt:3  | Found a huge runed gate.
 55086 | Crypt:3  | Found a huge runed gate.
 55086 | Crypt:3  | Found a huge runed gate.
 55086 | Crypt:3  | Found a huge runed gate.
 55094 | Crypt:3  | Found a huge runed gate.
 55108 | Crypt:3  | Found a huge runed gate.
 55108 | Crypt:3  | Found a huge runed gate.
 55293 | Crypt:3  | Found a huge runed gate.
 55328 | Tomb:1   | Entered Level 1 of the Tomb of the Ancients
 56005 | Crypt:3  | Noticed Jory
 56030 | Crypt:3  | Killed Jory
 56193 | Crypt:3  | Identified the +3 scale mail of Qeypiq {Str+4} (You found it on level 3 of the Crypt)
 56575 | Crypt:2  | Reached XP level 25. HP: 239/245 MP: 28/28
 56758 | Crypt:3  | Reached skill level 25 in Shields
 57722 | Tomb:1   | Noticed a greater mummy
 57729 | Tomb:1   | Killed a greater mummy
 57737 | Tomb:1   | Identified Qenlom's Disquisition on Scorching Hexes
 58013 | Tomb:2   | Noticed a greater mummy
 58016 | Tomb:2   | Noticed a greater mummy
 58018 | Tomb:2   | Noticed a greater mummy
 58018 | Tomb:2   | Noticed a greater mummy
 58025 | Tomb:2   | HP: 12/240 [greater mummy/divine providence (14)]
 58025 | Tomb:2   | HP: 2/240 [greater mummy/divine providence (10)]
 58025 | Tomb:2   | Killed from afar by a mummy priest

Vault maps used:
D:1:      eino_arrival_druids_welcome
D:3:      first_bread, minmay_misc_feat_tower, uniq_iyjb
D:4:      kennysheep_mini, uniq_eustachio
D:5:      uniq_edmund
D:6:      temple_green, minivault_19, serial_bayou_lagoon_a, minmay_holes,
          uniq_sigmund, uniq_prince_ribbit1, uniq_menkaure, uniq_pikel
D:7:      kennysheep_six_static_rooms, grunt_temple_overflow_order_and_chaos_1,
          hangedman_decor_diamond_cutter, the_bakery
D:8:      kennysheep_mini_moat, yredelemnul_altar_generic
D:9:      lair_entry_dummy
D:10:     uniq_josephine
D:11:     nicolae_qazlal_style_of_elements, uniq_erolcha
D:12:     kennysheep_pointless_box
D:14:     erik_vaults_2, spider_trap
D:15:     hangedman_depths_entry_try_elsewhere_first, basic_altar,
          grunt_decor_arrowhead, kennysheep_flooded_box, fedhas_altar_2,
          uniq_nessos, uniq_agnes
Temple:   regret_index_temple_mists
Lair:1:   beast_lair_carwin_large_3, grunt_megastairs_3, serial_bayou_shore_b,
          serial_bayou_shore_b
Lair:2:   kennysheep_rathole, grunt_megastairs_5, serial_bayou_shore_b
Lair:3:   shoals_dummy_entry, grunt_forest_stairs_basic, uniq_harold
Lair:4:   guppyfry_snake_entry_garden
Lair:6:   grunt_lair_end_beastmaster, slime_altar_2, infiniplex_staircase_pool
Shoals:1: serial_shops, shop, uniq_louise
Shoals:2: nicolae_shoals_water_elemental_grotto
Shoals:4: shoals_end_grunt_garden, shoals_ilsuiw_ice, argonaut_gorgonesque,
          uniq_polyphemus
Snake:1:  minmay_shoptagon
Snake:2:  stair_cage_cross, nicolae_large_snake_swirl, uniq_aizul, uniq_donald
Snake:3:  uniq_vashnia
Snake:4:  minmay_snake_end_coiled
Orc:2:    grunt_orc_cross
Elf:1:    nicolae_trove_entry_diagonal, serial_shops, statue_bzr,
          nicolae_shop_waterfront, shop, nicolae_shop_behind_doors,
          kennysheep_underground_church, roderic_roman_lattice, minmay_shop_star
Elf:2:    serial_shops, nicolae_shop_trees, nicolae_elf_m_pinch, uniq_azrael,
          uniq_asterion
Elf:3:    grunt_elf_hall_asides, st_stairs_2
Vaults:1: ontoclasm_vaults_claustrophobia, ontoclasm_vaults_loading_screen,
          v_misc_1, v_misc_2, hangedman_vaults_locks, vaults_room_fours,
          vaults_room_pools, v_misc_13, nicolae_vaults_big_angled_halls,
          nicolae_vaults_alarming, v_alt_pattern_1, v_misc_18,
          nicolae_vaults_little_squares_1, uniq_jorgrun
Vaults:2: nicolae_vaults_ninety_degrees, ontoclasm_vaults_idyll,
          nicolae_vaults_angled_halls, nicolae_vaults_what_the_h,
          vaults_dpeg_hooks, v_misc_5, nicolae_vaults_three_branches,
          basic_altar
Vaults:3: blue_anna_dwarven_crypt, nicolae_vaults_yaktaur_gun_rack, v_misc_11,
          ontoclasm_vaults_tryst, nicolae_vaults_network_square,
          special_room_vaults, dpeg_vaults_monster_box, v_alt_pattern_6,
          hangedman_vaults_river_flow, nicolae_vaults_little_squares_2,
          vaults_dpeg_cross, nicolae_vaults_ring_of_whatevers, uniq_nikola
Vaults:4: v_misc_3, hangedman_vaults_stretched_pinwheel, v_misc_27,
          ontoclasm_vaults_ring_square, v_misc_30, vaults_room_pools,
          serial_shops, nicolae_shop_behind_doors
Crypt:3:  due_elkab, tomb_entry_simple_bobbens, grunt_ministairs_12,
          lemuel_dead_fish_pool, door_vault, uniq_xtahua
Bazaar:   bazaar_minmay_generic_island

Skill      XL: |  1  2  3  4  5  6  7  8  9 10 11 12 13 14 15 16 17 18 19 20 21 22 23 24 25 |
---------------+----------------------------------------------------------------------------+-----
Axes           | 3 4 5 6 7 9 12 13 14 | 14.6
Armour         | 4 5 6 7 8 10 11 12 13 14 15 16 17 | 17.1
Fighting       | 4 5 6 7 8 9 10 11 12 13 14 15 16 17 19 21 22 23 24 | 24.2
Shields        | 4 6 7 8 9 10 11 12 14 15 16 18 19 20 21 22 23 24 25 | 25.4
Dodging        | 1 2 3 4 5 6 |  6.4
Maces & Flails | 2 5 6 7 8 9 11 13 15 16 17 18 19 20 21 | 21.8
Evocations     | 2 3 4 5 6 |  6.1
Stealth        | 1 2 3 |  3.0
Invocations    | 3 4 5 6 7 |  7.4

Action                   |  1- 3 |  4- 6 |  7- 9 | 10-12 | 13-15 | 16-18 | 19-21 | 22-24 | 25-27 || total
-------------------------+-------+-------+-------+-------+-------+-------+-------+-------+-------++-------
Melee: War axe           |    92 |   236 |    38 |       |       |       |       |       |       ||   366
       Morningstar       |       |       |   176 |       |   252 |       |       |       |       ||   428
       Whip              |       |       |   180 |   133 |   119 |       |       |       |       ||   432
       Hand axe          |       |       |       |   406 |   431 |       |       |       |       ||   837
       Eveningstar       |       |       |       |       |   411 |  1127 |  1325 |  1581 |   261 ||  4705
       Battleaxe         |       |       |       |       |       |       |       |     3 |       ||     3
Invok: Divine Shield     |       |       |       |     6 |    10 |    10 |    19 |     5 |     1 ||    51
       Cleansing Flame   |       |       |       |       |       |       |       |     2 |       ||     2
       Summon Divine War |       |       |       |       |       |       |       |       |     2 ||     2
 Abil: Evoke Berserk Rag |       |     1 |     7 |     7 |     6 |       |       |       |       ||    21
       Evoke Flight      |       |       |       |       |       |    29 |       |       |       ||    29
  Use: Potion            |       |     6 |     1 |       |     4 |     2 |       |       |       ||    13
       Scroll            |       |       |     5 |       |    42 |     7 |    14 |     8 |     3 ||    79
  Eat: Chunk             |       |     8 |    18 |    23 |    29 |    31 |    38 |    15 |       ||   162
       Fruit             |       |       |     1 |     1 |     5 |     1 |     5 |     1 |     3 ||    17
       Royal jelly       |       |       |       |     3 |     5 |     2 |     1 |     1 |       ||    12
       Bread ration      |       |       |       |       |       |       |       |     3 |       ||     3
       Meat ration       |       |       |       |       |       |       |       |       |     1 ||     1
Armor: Scale mail        |    56 |    50 |       |   101 |   236 |       |       |       |       ||   443
       Chain mail        |       |    64 |   202 |    31 |       |   147 |       |       |       ||   444
       Plate armour      |       |       |       |    72 |   140 |    64 |   181 |   138 |       ||   595
       Gold dragon scale |       |       |       |       |       |       |       |   101 |    59 ||   160
Dodge: Dodged            |    41 |    68 |   113 |   157 |   281 |   167 |   102 |   156 |    34 ||  1119
Block: Shield            |    77 |   116 |   201 |   272 |   494 |       |       |       |       ||  1160
       Buckler           |       |       |     1 |       |       |       |       |       |       ||     1
       Large shield      |       |       |       |       |   277 |  1411 |  1307 |  1726 |   355 ||  5076
       Reflection        |       |       |       |       |       |   200 |   148 |    56 |     1 ||   405
